 Dungeon Crawl Stone Soup version 0.19.0 (webtiles) character file.

627 Korbac the Slasher (level 7, -2/54 HPs)
             Began as a Demonspawn Fighter on Nov 2, 2016.
             Killed from afar by Cokeysmoke's ghost (7 damage)
             ... with a magic dart
             ... on level 4 of the Dungeon.
             The game lasted 00:14:45 (4162 turns).

Korbac the Slasher (Demonspawn Fighter)             Turns: 4162, Time: 00:14:46

Health: -2/54      AC: 10    Str: 18    XL:     7   Next: 23%
Magic:  7/7        EV:  7    Int:  9    God:
Gold:   196        SH:  9    Dex: 13    Spells: 0 memorised, 6 levels left

rFire  + + .     SeeInvis .     a - +2 long sword
rCold  x . .     Gourm    .     o - +0 fire dragon scales
rNeg   . . .     Faith    .     c - +0 shield
rPois  .         Spirit   .     (helmet restricted)
rElec  .         Reflect  .     m - +0 cloak
rCorr  .         Harm     .     (no gloves)
MR     .....                    (no boots)
Stlth  ..........               (no amulet)
                                (no ring)
                                (no ring)

@: no status effects
A: antennae 1, demonic guardian 1, powered by pain 2
a: no special abilities


You were on level 4 of the Dungeon.
You were not hungry.

You visited 1 branch of the dungeon, and saw 4 of its levels.

You collected 196 gold pieces.

Inventory:

Hand Weapons
 a - a +2 long sword (weapon)
Armour
 b - a +0 scale mail
 c - a +0 shield (worn)
 m - a +0 cloak (worn)
 o - +0 fire dragon scales (worn)
Jewellery
 e - an uncursed ring of positive energy {unknown}
Wands
 n - a wand of random effects (28/48)
Scrolls
 f - 2 scrolls of noise {unknown}
 g - a scroll of enchant weapon
 p - a scroll of random uselessness {unknown}
 q - 2 scrolls of fear {unknown}
 r - a scroll of remove curse {unknown}
 s - a scroll of identify {unknown}
Potions
 d - a potion of brilliance {unknown}
 k - a potion of degeneration
Books
 j - Luig's Papyrus of Ensnaring Companions
   (You found it on level 4 of the Dungeon)

   Spells                             Type                      Level
   a - Confusing Touch                Hexes                        1
   b - Corona                         Hexes                        1
   c - Summon Forest                  Summoning/Translocation      5
   d - Invisibility                   Hexes                        6
   e - Malign Gateway                 Summoning/Translocation      7
Comestibles
 h - a slice of pizza
 i - a meat ration
 l - a bread ration


   Skills:
 * Level 4.0 Fighting
 * Level 4.7 Long Blades
 * Level 4.5 Armour
 + Level 1.0 Dodging
 * Level 4.0 Shields


You had 6 spell levels left.
You didn't know any spells.

Dungeon Overview and Level Annotations

Branches:
Dungeon (4/15)
 Temple: D:4-7

Altars:

Annotations:
D:4 Cokeysmoke's ghost, amateur TeCj


Innate Abilities, Weirdness & Mutations

You have a pair of small antennae on your head.
A weak demonic guardian rushes to your aid.
You sometimes gain power by taking damage.


Message History

Cokeysmoke's ghost hits you but does no damage.
You closely miss Cokeysmoke's ghost.
Cokeysmoke's ghost is almost destroyed.
Cokeysmoke's ghost hits you but does no damage.
You closely miss Cokeysmoke's ghost.
Cokeysmoke's ghost is almost destroyed.
You block Cokeysmoke's ghost's attack.
You barely miss Cokeysmoke's ghost.
Cokeysmoke's ghost is almost destroyed.
Cokeysmoke's ghost casts a spell at you.
The magic dart hits you!
You completely miss Cokeysmoke's ghost.
Cokeysmoke's ghost is almost destroyed.
Cokeysmoke's ghost gestures at you while chanting.
The magic dart hits you!
* * * LOW HITPOINT WARNING * * *
Cokeysmoke's ghost grins evilly.
Cokeysmoke's ghost points at you and mumbles some strange words.
The magic dart hits you!
You die...

......# .# ......# (.
#### ......# #.###..
......# #..##.#
.)....######.##.########
.......................?
#.########...........#
..# #.....5.....# ..#
#.....W@....# ..#
#.......$...# ..#
#...........# ###
#...........# ..
............).# ##
###.........(.#
#...........#
#...........#
######..$##$#


You could see Cokeysmoke's ghost and a friendly iron imp.

Vanquished Creatures
  Grinder (D:3)
  An ogre (D:4)
  A hound (D:4)
  Crazy Yiuf (D:3)
  2 orc wizards (D:3)
  A bullfrog skeleton (D:4)
  An orc priest (D:3)
  A worker ant (D:4)
  A hound skeleton (D:4)
  Robin (D:3)
  A gnoll (D:3)
  6 adders
  An ooze (D:2)
  3 worms
  A dart slug (D:1)
  A leopard gecko (D:1)
  7 orcs
  10 bats
  2 giant cockroaches
  16 goblins
  15 hobgoblins
  2 jackals (D:2)
  7 kobolds
  A quokka (D:3)
  A ball python (D:2)
  5 frilled lizards
  A quokka skeleton (D:4)
  14 rats
105 creatures vanquished.

Vanquished Creatures (collateral kills)
  A hound (D:4)
  An orc priest (D:3)
  A worm (D:4)
  2 orcs (D:3)
  A quokka (D:3)
6 creatures vanquished.

Grand Total: 111 creatures vanquished

Notes
Turn   | Place    | Note
-------+----------+-------------------------------------------
     0 | D:1      | Korbac the Demonspawn Fighter began the quest for the Orb.
     0 | D:1      | Reached XP level 1. HP: 18/18 MP: 1/1
   107 | D:1      | Gained mutation: A weak demonic guardian rushes to your aid. [demonic ancestry]
   107 | D:1      | Reached XP level 2. HP: 10/24 MP: 2/2
   663 | D:1      | Gained mutation: You sometimes gain a little power by taking damage. [demonic ancestry]
   663 | D:1      | Reached XP level 3. HP: 29/29 MP: 3/3
  1253 | D:2      | Gained mutation: You sometimes gain power by taking damage. [demonic ancestry]
  1253 | D:2      | Reached XP level 4. HP: 20/35 MP: 4/4
  2269 | D:3      | Noticed Grinder
  2274 | D:3      | Paralysed by Grinder for 5 turns
  2735 | D:3      | Reached XP level 5. HP: 37/41 MP: 5/5
  2739 | D:3      | Noticed Robin
  2761 | D:3      | Killed Robin
  2876 | D:3      | Paralysed by Grinder for 6 turns
  2891 | D:3      | Paralysed by Grinder for 4 turns
  2899 | D:3      | Paralysed by Grinder for 2 turns
  2902 | D:3      | Killed Grinder
  2902 | D:3      | Reached skill level 1 in Dodging
  2902 | D:3      | Reached XP level 6. HP: 10/47 MP: 6/6
  3329 | D:3      | Found a runed door.
  3333 | D:3      | Noticed Crazy Yiuf
  3338 | D:3      | Killed Crazy Yiuf
  3820 | D:4      | Gained mutation: You have a pair of small antennae on your head. [demonic ancestry]
  3820 | D:4      | Reached XP level 7. HP: 25/53 MP: 7/7
  3836 | D:4      | Identified Luig's Papyrus of Ensnaring Companions
  4055 | D:4      | Noticed Cokeysmoke's ghost (amateur TeCj)
  4157 | D:4      | HP: 2/54 [Cokeysmoke's ghost/magic dart (8)]
  4162 | D:4      | Killed from afar by Cokeysmoke's ghost

Skill      XL: |  1  2  3  4  5  6  7 |
---------------+----------------------+-----
Long Blades    | 2 3 4 |  4.7
Armour         | 3 4 |  4.5
Shields        | 3 4 |  4.0
Dodging        | 1 |  1.0
Fighting       | 4 |  4.0

Action                   |  1- 3 |  4- 6 |  7- 9 || total
-------------------------+-------+-------+-------++-------
Melee: Long sword        |   141 |   240 |    69 ||   450
  Use: Scroll            |     2 |     5 |       ||     7
       Potion            |     1 |     4 |     3 ||     8
 Stab: Distracted        |       |       |     1 ||     1
  Eat: Bread ration      |     1 |     1 |       ||     2
       Beef jerky        |       |     1 |       ||     1
       Meat ration       |       |     1 |       ||     1
Armor: Scale mail        |    78 |    66 |       ||   144
       Fire dragon scale |       |    59 |    36 ||    95
Dodge: Dodged            |    39 |    88 |    14 ||   141
Block: Shield            |    80 |   124 |    22 ||   226
       Rpst.: Long sword |     8 |    23 |     3 ||    34
